 Dungeon Crawl Stone Soup version 0.20.1-1-g8b1a95d (webtiles) character file.

63 Linguinho the Bolt Thrower (level 3, 0/28 HPs)
             Began as a Centaur Arcane Marksman on Oct 27, 2017.
             Slain by an adder (1 damage)
             ... on level 2 of the Dungeon.
             The game lasted 00:06:05 (1255 turns).

Linguinho the Bolt Thrower (CeAM)                   Turns: 1255, Time: 00:06:06

Health: 0/28       AC:  4    Str: 12    XL:     3   Next: 89%
Magic:  4/4        EV: 10    Int: 12    God:
Gold:   58         SH:  0    Dex: 10    Spells: 1/4 levels left

rFire    . . .     SeeInvis .   a - +0 hand crossbow
rCold    . . .     Gourm    .   (no shield)
rNeg     . . .     Faith    .   e - +0 robe
rPois    .         Spirit   .   (no helmet)
rElec    .         Reflect  .   (no cloak)
rCorr    .         Harm     .   (no gloves)
MR       .....                  (no barding)
Stlth    +.........             (no amulet)
Regen    0.1/turn               (no ring)
MPRegen  0.1/turn               (no ring)

@: very quick
A: hooves 3, deformed body, speed 2, tough skin 3
a: no special abilities


You were on level 2 of the Dungeon.
You were not hungry.

You visited 1 branch of the dungeon, and saw 2 of its levels.

You collected 58 gold pieces.

Inventory:

Hand Weapons
 a - a +0 hand crossbow (weapon)
 m - a +0 hunting sling
Missiles
 d - 7 bolts (quivered)
 j - 11 arrows
Armour
 e - a +0 robe (worn)
Jewellery
 b - an uncursed ring of poison resistance {unknown}
 k - an uncursed ring of resist corrosion {unknown}
Scrolls
 g - 2 scrolls of remove curse {unknown}
 h - 2 scrolls of enchant armour {unknown}
Potions
 o - 2 potions of mutation {unknown}
 q - a potion of flight {unknown}
 r - a potion of heal wounds {unknown}
 s - a potion of curing {unknown}
Books
 c - a book of Debilitation

   Spells                             Type                      Level
   a - Corona                         Hexes                        1
   b - Slow                           Hexes                        2
   c - Inner Flame                    Hexes/Fire                   3
   d - Portal Projectile              Hexes/Translocation          3
   e - Cause Fear                     Hexes                        4
   f - Leda's Liquefaction            Hexes/Earth                  4
Comestibles
 f - a bread ration
 i - 3 fruits
 l - 6 chunks of flesh
 n - 2 meat rations


   Skills:
 * Level 1.6 Fighting
 + Level 0.2 Slings
 * Level 3.4 Crossbows
 * Level 0.2 Armour
 * Level 1.6 Dodging
 * Level 1.2 Spellcasting
 * Level 3.0 Hexes


You had one spell level left.
You knew the following spells:

 Your Spells              Type           Power        Failure   Level  Hunger
a - Corona                Hex            #......      9%          1    ##.....
b - Slow                  Hex            #.......     13%         2    ###....


Dungeon Overview and Level Annotations

Branches:
Dungeon (2/15)

Altars:

Annotations:
D:2 Robin


Innate Abilities, Weirdness & Mutations

You have hooves in place of feet.
Armour fits poorly on your strangely shaped body.
You cover ground very quickly.
You have extremely tough skin. (AC +3)


Message History

The bat closely misses you. x2
Firing (i - inventory):
d - 10 bolts (quivered)
Press: ? - help, Shift-Dir - straight line, f - adder, p - bat
Aim: an adder You shoot a bolt.
The bolt closely misses the adder.
The bat barely misses you. The adder barely misses you.
The bat hits you but does no damage. The adder bites you.
* * * LOW HITPOINT WARNING * * *
Firing (i - inventory):
d - 9 bolts (quivered)
Press: ? - help, Shift-Dir - straight line, f/p - adder
Aim: an adder You shoot a bolt.
The bolt hits the adder!
The adder is almost dead.
The bat hits you but does no damage. The adder bites you.
* * * LOW HITPOINT WARNING * * *
Firing (i - inventory):
d - 8 bolts (quivered)
Press: ? - help, Shift-Dir - straight line, f/p - adder
Aim: an adder (almost dead)
You shoot a bolt. The bolt completely misses the adder.
The adder bites you.
You die...

#(########## #.#########
#)##......# #.##.####.# ####
##.##.# #.# ....
###...#.####.##### ### ..##
........(....g..b# #..
###...#.####.###g# #.#
##(##.####.# #@# # #.# #
#.##.g....###S# #.##.##.#
#.#########...# #.......# ##'##
###...#########.## ##...##
#.......##.......# ##.....##
#.......##.####..## #.......##
#.......##.# ##...##
.........####...<####.###.....###
<.<......+.......................


You could see an adder, a goblin and a bat.

Vanquished Creatures
  3 adders (D:2)
  A dart slug (D:1)
  A ball python (D:1)
  A giant cockroach (D:1)
  7 goblins
  6 hobgoblins
  3 kobolds
  3 bats
  4 frilled lizards (D:1)
  4 rats
33 creatures vanquished.

Notes
Turn   | Place    | Note
-------+----------+-------------------------------------------
     0 | D:1      | Linguinho the Centaur Arcane Marksman began the quest for the Orb.
     0 | D:1      | Reached XP level 1. HP: 16/16 MP: 2/2
   198 | D:1      | Reached XP level 2. HP: 20/23 MP: 3/3
   202 | D:1      | Learned a level 2 spell: Slow
   862 | D:2      | Reached XP level 3. HP: 25/28 MP: 2/4
  1170 | D:2      | Noticed Robin
  1254 | D:2      | HP: 1/28 [adder (3)]
  1255 | D:2      | Slain by an adder

Skill      XL: |  1  2  3 |
---------------+----------+-----
Crossbows      | 3 |  3.4
Hexes          | 3 |  3.0
Fighting       | |  1.6
Slings         | |  0.2
Armour         | |  0.2
Dodging        | |  1.6
Spellcasting   | |  1.2

Action                   || total
-------------------------++-------
 Fire: Hand crossbow     ||    76
       Hunting sling     ||    31
 Cast: Corona            ||     6
Armor: Robe              ||    24
Dodge: Dodged            ||    39
